 Dungeon Crawl Stone Soup version 0.21.1-1-g345015f (webtiles) character file.

394 shitimlost the Sneak (level 6, -4/47 HPs)
             Began as a Vampire Assassin on Mar 20, 2018.
             Splashed by a jelly's acid (9 damage)
             ... on level 3 of the Dungeon.
             The game lasted 00:11:50 (6479 turns).

shitimlost the Sneak (Vampire Assassin)             Turns: 6479, Time: 00:11:51

Health: -4/47      AC: -12   Str: 12    XL:     6   Next: 51%
Magic:  4/6        EV: 22    Int: 13    God:
Gold:   90         SH:  0    Dex: 21    Spells: 5/5 levels left

rFire    . . .     SeeInvis +   (weapon currently unavailable)
rCold    . . .     Gourm    .   (shield currently unavailable)
rNeg     + . .     Faith    .   (armour currently unavailable)
rPois    .         Spirit   .   (helmet currently unavailable)
rElec    .         Reflect  .   (cloak currently unavailable)
rCorr    .         Harm     .   (gloves currently unavailable)
MR       .....                  (boots currently unavailable)
Stlth    ++++++....             (no amulet)
HPRegen  0.15/turn              (ring currently unavailable)
MPRegen  0.10/turn              (ring currently unavailable)

@: bat-form, corroded, flying, very quick
A: tiny, fangs 3, see invisible
a: End Transformation


You were on level 3 of the Dungeon.
You were not thirsty.
You were in vampire-bat-form.
You visited 1 branch of the dungeon, and saw 3 of its levels.

You collected 90 gold pieces.

Inventory:

Hand Weapons
 a - a +2 dagger
 b - a +0 blowgun
 l - a cursed -2 hand axe
 t - a +2 dagger of pain (melded)
Missiles
 e - 8 poisoned needles
 f - 2 curare-tipped needles
 h - 96 stones (quivered)
 o - 46 sling bullets
Armour
 c - a +0 robe (melded)
 d - a +0 cloak (melded)
 q - a +1 leather armour of poison resistance
 B - a +0 ring mail
Jewellery
 u - an uncursed amulet of harm {unknown}
 v - a +4 amulet of reflection {unknown}
 z - an uncursed ring of poison resistance {unknown}
Scrolls
 m - 3 scrolls of identify
 n - 2 scrolls of enchant armour {unknown}
 p - 2 scrolls of immolation {unknown}
 y - a scroll of teleportation {unknown}
Potions
 g - 3 potions of blood
 i - 3 potions of flight {unknown}
 k - 2 potions of mutation
 r - a potion of cancellation {unknown}
 s - a potion of berserk rage {unknown}
 w - 4 potions of heal wounds {unknown}
 x - a potion of might {unknown}
 A - a potion of ambrosia {unknown}


   Skills:
 + Level 3.1 Fighting
 + Level 4.0 Short Blades
 + Level 2.8 Throwing
 + Level 3.3 Dodging
 + Level 7.5 Stealth


You had 5 spell levels left.
You didn't know any spells.

Dungeon Overview and Level Annotations

Branches:
Dungeon (3/15)

Altars:

Annotations:
D:2 1 runed door


Innate Abilities, Weirdness & Mutations

You have razor-sharp teeth.
You have supernaturally acute eyesight. (SInv)
((You can survive without breathing.))


Message History

The jelly hits you. The acid corrodes you!
You are splashed with acid!
The acid burns!
You hit the jelly but do no damage. The acid corrodes you!
Your hands burn!
The jelly is moderately wounded.
The jelly misses you.
You are too injured to fight recklessly!
You are too injured to fight recklessly!
You hit the jelly but do no damage.
Your hands burn!
The jelly is moderately wounded.
The jelly barely misses you.
You fail to use your ability.
The jelly hits you.
You are splashed with acid!
The acid burns!
* * * LOW HITPOINT WARNING * * *
You turn into a vampire bat.
Your +2 dagger of pain melds into your body.
Your +0 cloak melds into your body.
Your +0 robe melds into your body.
The jelly hits you.
* * * LOW HITPOINT WARNING * * *
The acid corrodes you!
You are splashed with acid!
The acid burns!
You die...

#.#....##..# #≈≈≈≈≈
######.##..###..########.≈≈≈♣
#.....................[oP≈♣≈P
##..).<#.#.###..#######.P≈♣PP
##########........# #≈P♣≈.≈
÷##J###########.##.########≈≈♣P.#
P#.#.#.)..#####.............P≈P..
.#J#.#.....##.##........###P♣≈.##
.#.#'#...)..'..Jb..####.# #≈≈≈P#
.#.#.....%..'..##..# #.# #.≈P.##
J#.#........'.###..# #.# #.PP#..
.#)#.......##.# #..# #.# ##.##..
.'##......##### #.># #.# #.....
.########## #.#####.######### ##
#.# #......# #.###.#.##.#
#################.#.....##.#


You could see a jelly.

Vanquished Creatures
  An orc priest (D:3)
  2 orc wizards (D:3)
  A jelly (D:3)
  Natasha (thrice) (D:2)
  Terence (D:2)
  2 adders (D:3)
  9 oozes
  An adder zombie (D:2)
  2 worms (D:2)
  3 dart slugs
  5 leopard geckos
  8 orcs (D:3)
  7 giant cockroaches
  4 goblins
  13 hobgoblins
  A quokka (D:3)
  2 ball pythons
  5 bats
  6 frilled lizards
  13 kobolds
  7 rats
96 creatures vanquished.

Vanquished Creatures (others)
  A fungus (D:3)
  A plant (D:3)
  10 toadstools (D:3)
12 creatures vanquished.

Grand Total: 108 creatures vanquished

Notes
Turn   | Place    | Note
-------+----------+-------------------------------------------
     0 | D:1      | shitimlost the Vampire Assassin began the quest for the Orb.
     0 | D:1      | Reached XP level 1. HP: 16/16 MP: 1/1
   124 | D:1      | Reached skill level 6 in Stealth
   124 | D:1      | Reached XP level 2. HP: 15/22 MP: 2/2
   398 | D:1      | Reached XP level 3. HP: 11/27 MP: 3/3
  1334 | D:2      | Noticed Terence
  1339 | D:2      | Killed Terence
  1339 | D:2      | Reached XP level 4. HP: 34/34 MP: 1/4
  1423 | D:2      | Found a runed door.
  2459 | D:2      | Noticed Natasha
  2461 | D:2      | Killed Natasha
  3009 | D:3      | Reached XP level 5. HP: 39/39 MP: 5/5
  3735 | D:3      | Reached skill level 7 in Stealth
  4194 | D:2      | Noticed Natasha
  4208 | D:2      | Killed Natasha
  4612 | D:2      | Noticed Natasha
  4625 | D:2      | Killed Natasha
  4625 | D:2      | Reached XP level 6. HP: 32/46 MP: 6/6
  6479 | D:3      | Splashed by a jelly's acid

Skill      XL: |  1  2  3  4  5  6 |
---------------+-------------------+-----
Stealth        | 6 7 |  7.5
Fighting       | 2 3 |  3.1
Throwing       | 2 |  2.8
Dodging        | 2 3 |  3.3
Short Blades   | 3 4 |  4.0

Action                   |  1- 3 |  4- 6 || total
-------------------------+-------+-------++-------
Melee: Dagger            |    95 |   352 ||   447
       Bite              |     7 |    38 ||    45
 Abil: Bat Form          |     1 |     7 ||     8
       End Transformatio |     1 |     6 ||     7
  Use: Potion            |       |    11 ||    11
       Scroll            |       |     2 ||     2
 Stab: Sleeping          |     8 |    18 ||    26
       Distracted        |       |     2 ||     2
  Eat: Corpse            |     1 |     7 ||     8
Armor: Robe              |    14 |    44 ||    58
Dodge: Dodged            |    40 |   209 ||   249
